 Dungeon Crawl Stone Soup version 0.21-a0-442-g848f44b (webtiles) character file.

352 tof the Slasher (level 6, -5/56 HPs)
             Began as a Minotaur Berserker on Nov 15, 2017.
             Was a Believer of Trog.
             Splashed by Ijyb's acid (12 damage)
             ... on level 3 of the Dungeon.
             The game lasted 00:02:16 (2098 turns).

tof the Slasher (Minotaur Berserker)                Turns: 2098, Time: 00:02:17

Health: -5/56      AC:  1    Str: 22    XL:     6   Next: 35%
Magic:  5/5        EV: 12    Int:  4    God:    Trog [**....]
Gold:   168        SH:  0    Dex: 11    Spells: 5/5 levels left

rFire    . . .     SeeInvis .   a - +0 falchion
rCold    . . .     Gourm    .   (no shield)
rNeg     . . .     Faith    .   i - +0 ring mail
rPois    +         Spirit   .   (helmet restricted)
rElec    .         Reflect  .   (no cloak)
rCorr    .         Harm     .   (no gloves)
MR       +....                  (no boots)
Stlth    +.........             (no amulet)
HPRegen  0.18/turn              j - ring of protection from magic
MPRegen  0.09/turn              s - ring of poison resistance

@: corroded
A: retaliatory headbutt, horns 2
a: Berserk, Trog's Hand, Burn Spellbooks, Renounce Religion


You were on level 3 of the Dungeon.
You worshipped Trog.
Trog was pleased with you.
You were not hungry.

You visited 1 branch of the dungeon, and saw 3 of its levels.

You collected 168 gold pieces.

Inventory:

Hand Weapons
 a - a +0 falchion (weapon)
Missiles
 p - 8 tomahawks (quivered)
Armour
 b - a +0 animal skin
 i - a +0 ring mail (worn)
Jewellery
 j - a ring of protection from magic (left hand)
 s - a ring of poison resistance (right hand)
Scrolls
 e - 3 scrolls of identify {unknown}
 g - a scroll of blinking {unknown}
 k - a scroll of recharging {unknown}
 n - 6 scrolls of teleportation {unknown}
 o - 3 scrolls of magic mapping {unknown}
Potions
 f - 2 potions of heal wounds {unknown}
 h - a potion of ambrosia {unknown}
 l - a potion of agility {unknown}
 m - a potion of might {unknown}
 q - a potion of curing {unknown}
 r - 2 potions of berserk rage {unknown}
 t - a potion of degeneration {unknown}
Comestibles
 c - a bread ration
 d - 2 fruits
 u - 2 chunks of flesh
 v - a royal jelly
 w - a meat ration


   Skills:
 + Level 5.0 Fighting
 * Level 6.1 Long Blades
 + Level 4.2 Armour
 + Level 3.8 Dodging


You had 5 spell levels left.
You didn't know any spells.

Dungeon Overview and Level Annotations

Branches:
Dungeon (3/15)

Altars:
Kikubaaqudgha

Annotations:
D:3 Ijyb


Innate Abilities, Weirdness & Mutations

You reflexively headbutt those who attack you in melee.
You have a pair of horns on your head.


Message History

No target in view!
w - a meat ration
n - 6 scrolls labeled YLOFINL CEADUCH (gained 1) Ijyb the Twisted Goblin comes into view.
Ijyb shouts!
Ijyb zaps a wand.
The bolt of acid hits you!
You are splashed with acid!
The acid burns!
It is a wand of acid (?/15).
Ijyb is nearby!
You are too injured to fight recklessly!
Ijyb is nearby!
You are too injured to fight recklessly!
Ijyb is nearby!
You are too injured to fight recklessly!
Ijyb is nearby!
You are too injured to fight recklessly!
Ijyb zaps a wand.
The bolt of acid misses you.
Ijyb zaps a wand.
The bolt of acid hits you!
* * * LOW HITPOINT WARNING * * *
The acid corrodes you!
You are splashed with acid!
The acid burns!
You die...

.... ##.. # .# ###
##.# ..
..#######.# ...#
..###.#...@g..#
..##
......#.#######
#.##.# #........#
.....# #......#.#
.##### ###....##.#
.....#.#.........#
.###.#.#.#.#.#####
..##.......#.#
.........###.#


You could see Ijyb.

Vanquished Creatures
  Grinder (D:3)
  A vampire bat (D:2)
  5 adders
  An ooze (D:2)
  3 worms (D:2)
  A leopard gecko (D:3)
  An orc (D:3)
  3 bat skeletons (D:2)
  3 bat zombies (D:2)
  A giant cockroach (D:3)
  10 goblins
  5 hobgoblins
  4 kobolds
  A quokka (D:2)
  A ball python (D:3)
  5 bats
  3 frilled lizards (D:1)
  9 rats
58 creatures vanquished.

Notes
Turn   | Place    | Note
-------+----------+-------------------------------------------
     0 | D:1      | tof the Minotaur Berserker began the quest for the Orb.
     0 | D:1      | Reached XP level 1. HP: 19/19 MP: 0/0
   325 | D:1      | Reached XP level 2. HP: 27/27 MP: 1/1
   368 | D:1      | Reached skill level 4 in Long Blades
   421 | D:1      | Reached ** piety under Trog
   753 | D:2      | Reached XP level 3. HP: 33/33 MP: 2/2
  1039 | D:2      | Found an ancient bone altar of Kikubaaqudgha.
  1046 | D:2      | Reached XP level 4. HP: 38/40 MP: 3/3
  1269 | D:2      | Reached skill level 5 in Long Blades
  1479 | D:3      | Noticed Grinder
  1622 | D:3      | Killed Grinder
  1622 | D:3      | Reached skill level 5 in Fighting
  1622 | D:3      | Reached skill level 6 in Long Blades
  1622 | D:3      | Reached XP level 5. HP: 37/48 MP: 4/4
  1622 | D:3      | Reached XP level 6. HP: 44/56 MP: 5/5
  2095 | D:3      | Noticed Ijyb
  2098 | D:3      | Splashed by Ijyb's acid

Vault maps used:
D:1:      nzn_arrival_settlement, st_stairs_1
D:2:      kennysheep_vampire_church, serial_curves, eino_curves_04,
          eino_curves_04
D:3:      uniq_grinder, uniq_ijyb

Skill      XL: |  1  2  3  4 |
---------------+-------------+-----
Long Blades    | 4 6 |  6.1
Fighting       | 4 5 |  5.0
Armour         | 3 4 |  4.2
Dodging        | 3 |  3.8

Action                   |  1- 3 |  4- 6 || total
-------------------------+-------+-------++-------
Melee: Falchion          |    64 |    76 ||   140
       Headbutt          |     5 |    18 ||    23
Invok: Trog's Hand       |       |     1 ||     1
  Eat: Chunk             |       |     4 ||     4
Armor: Animal skin       |     9 |       ||     9
       Ring mail         |    17 |    13 ||    30
Dodge: Dodged            |    53 |    40 ||    93
       Rpst.: Falchion   |    14 |    14 ||    28

Table legend:
 A = Spawn XP
 B = Non-spawn XP
 C = Spawn XP percentage of total XP
 D = Spawn monster count
 E = Non-spawn monster count
 F = Spawn count percentage of total count
 G = Total turns spent on level
                    A         B        C        D         E        F      G
               +---------+---------+-------+---------+---------+-------+---------
         Total |       0 |     504 |   0.0 |       0 |      58 |   0.0 |  2098
               +---------+---------+-------+---------+---------+-------+---------
           D:1 |       0 |      31 |   0.0 |       0 |      19 |   0.0 |   743
           D:2 |       0 |     149 |   0.0 |       0 |      26 |   0.0 |   851
           D:3 |       0 |     324 |   0.0 |       0 |      13 |   0.0 |   504
               +---------+---------+-------+---------+---------+-------+---------
